Map: Blood Boil LE

Players

ChaosPanda

  • Race: Terran Terran
  • Spawn Location: 5:00

goreanddin - Winner!

  • Race: Terran Terran
  • Spawn Location: 11:00

VOD

Have the link to the VOD?

Description

Time

  • Played on: May 3, 2017, 8:47 p.m.
  • Length: 19:59
Show
View Real Time Build Order
Export as new Build Order

ChaosPanda Terran 

Build Orders:  

Get SALT Encoding   

  12  0:00  Unknown, SCV  
  13  0:42  Command Center  
Show
View Real Time Build Order
Export as new Build Order

goreanddin Terran - Winner!

Build Orders: 1/1/1 

Get SALT Encoding   

  12  0:00  Unknown, SCV  
  13  0:13  SCV  
  14  0:18  Supply Depot  
  14  0:25  SCV  
  15  0:28  Refinery  
  15  0:39  SCV  
  16  0:46  Barracks  
  16  0:51  SCV  
  17  0:57  Refinery  
  17  1:03  SCV  
  18  1:22  SCV  
  19  1:33  Reaper  
  19  1:35  Factory  
  19  1:39  Orbital Command  
  20  1:50  Supply Depot  
  20  2:05  Reaper  
  20  2:06  SCV  
  22  2:19  Hellion  
  22  2:21  Starport  
  24  2:31  SCV  
  25  2:37  Barracks Tech Lab  
  25  2:41  Hellion  
  27  2:47  SCV  
  28  2:59  SCV  
  28  3:01  Supply Depot  
  29  3:06  Barracks Reactor  
  29  3:28  Viking  
  29  3:30  Cyclone  
  34  3:37  SCV  
  35  3:50  Marine x2  
  37  3:58  Viking  
  39  4:19  Marine x2  
  39  4:20  Cyclone  
  44  4:37  Marine  
  45  5:56  Marine x2  
  47  6:02  Engineering Bay  
  47  7:01  Supply Depot  
  47  7:03  Supply Depot  
  47  7:06  Command Center  
  47  7:23  Marine x2, SCV, Raven  
  52  8:01  Marine x2  
  54  8:08  SCV  
  54  8:10  Supply Depot x2  
  55  8:15  Barracks  
  55  8:16  Barracks  
  55  8:18  Barracks  
  55  8:20  Barracks  
  55  8:23  Orbital Command  
  55  8:41  Supply Depot  
  55  8:42  Supply Depot, SCV  
  60  9:25  Barracks Reactor  
  60  9:26  Barracks Reactor x3  
  60  9:28  Viking  
  60  9:30  Command Center, Stimpack  
  58  9:33  SCV  
  58  9:34  SCV  
  60  10:04  SCV x2  
  62  10:13  Marine x6  
  62  10:14  Marine x3  
  71  10:16  Factory Tech Lab, SCV  
  71  10:18  Viking x2  
  71  10:20  SCV  
  77  10:29  Engineering Bay  
  77  10:31  Engineering Bay, Marine x3  
  80  10:42  Refinery x2  
  80  10:43  SCV x2  
  80  10:44  Orbital Command  
  82  10:51  Viking  
  84  11:31  Terran Infantry Weapons Level 1  
  84  11:32  Terran Infantry Armor Level 1, Marine x2  
  84  11:33  Marine x6  
  84  11:34  Marine  
  84  11:35  Combat Shields  
  93  11:45  Viking x2  
  93  11:46  Siege Tank  
  100  11:50  Marine x3  
  100  11:51  Marine x3  
  100  11:52  SCV x2  
  108  12:31  SCV x3  
  108  12:33  Marine  
  108  12:34  Marine  
  108  12:35  Marine x7  
  120  12:38  Siege Tank  
  123  12:51  Marine  
  123  12:52  Marine  
  125  13:30  Supply Depot  
  125  13:32  Supply Depot  
  125  13:35  Command Center  
  125  13:51  Viking x2, Marine x2, SCV x2  
  125  13:53  Supply Depot, Marine x7, SCV  
  141  13:55  Supply Depot  
  141  14:14  Marine x4  
  141  14:15  SCV x2  
  147  14:37  SCV x2  
  147  14:38  SCV  
  150  14:41  Sensor Tower  
  150  14:49  Marine x9, SCV  
  150  14:50  Sensor Tower  
  150  14:51  Sensor Tower  
  150  14:52  Sensor Tower  
  160  14:55  Sensor Tower  
  160  14:56  Sensor Tower  
  160  14:58  Sensor Tower  
  160  15:01  Sensor Tower  
  160  15:06  Sensor Tower  
  160  15:07  Marine x6  
  160  15:08  Sensor Tower  
  166  15:17  Sensor Tower  
  166  15:20  Sensor Tower  
  166  15:27  Sensor Tower  
  166  15:39  Sensor Tower  
  166  15:41  Sensor Tower x2  
  166  15:45  Sensor Tower  
  166  15:52  Sensor Tower  
  166  15:57  Sensor Tower  
  166  16:06  Sensor Tower  
  166  16:09  Sensor Tower  
  166  16:13  Sensor Tower  
  166  16:15  Orbital Command  
  166  16:16  Sensor Tower  
  166  16:18  Refinery x2  
  166  16:20  Sensor Tower  
  166  16:22  Sensor Tower  
  166  16:34  Sensor Tower  
  166  17:18  Sensor Tower  
  166  17:26  Sensor Tower  
  166  17:33  Sensor Tower  
  166  17:37  Sensor Tower  
  169  17:48  Viking x2  
  169  17:50  Sensor Tower  
  170  17:51  Sensor Tower  
  170  17:55  Starport  
  170  18:14  Armory, SCV x2  
  172  18:34  Command Center  
  172  18:44  Command Center  
  172  18:45  Command Center  
  172  18:47  Command Center  
  172  18:53  Command Center  
  172  19:00  Starport Reactor  
  172  19:08  Command Center  
  172  19:46  SCV x3  
Tags
 
Matchup
TvT
Opening
1/1/1
Race
Terran
Spawn Locations
Cross Positions
Add a new tag
Caveats
  • Supply blocks, unpowered buildings, or Contaminate may cause inaccurate times.
  • Supply counts are checked every 10 seconds.